 Dungeon Crawl Stone Soup version 0.21-a0-582-g1b93aee (webtiles) character file.

1737494 Amnesiac the Impregnable (level 27, 209/209 HPs)
             Began as a Halfling Fighter on Dec 19, 2017.
             Was the Champion of Okawaru.
             Escaped with the Orb
             ... and 3 runes on Dec 20, 2017!
             The game lasted 02:57:17 (70383 turns).

Amnesiac the Impregnable (Halfling Fighter)        Turns: 70383, Time: 02:57:18

Health: 209/209    AC: 57    Str: 36    XL:     27
Magic:  33/33      EV: 30    Int:  6    God:    Okawaru [******]
Gold:   5312       SH: 20    Dex: 24    Spells: 18/38 levels left

rFire    + + .     SeeInvis .   a - +9 fustibalus (freeze)
rCold    + . .     Gourm    .   A - +0 shield {reflect}
rNeg     + + +     Faith    .   F - +14 crystal plate armour
rPois    +         Spirit   .   x - -2 helmet of Cugrou {Str+4 Dex+6}
rElec    +         Reflect  +   c - +5 cloak "Adohoena" {rPois rF+ Regen+ Str+2}
rCorr    .         Harm     +   w - +2 pair of gloves {archery}
MR       +++..     Clarity  +   B - +2 pair of boots {run} Stlth ..........NoTele +
                                s - amulet of Taewitim {Harm *Drain rN++}
HPRegen  1.24/turn              E - ring "Rewkana" {-Tele rC+ MR+ Stlth+}
MPRegen  0.23/turn              O - ring "Geacs" {rElec rF+ rN+ Str+4 Stlth-}

@: quick
A: small, clarity, mutation resistance 1, regeneration 1, MP-powered wands
0: Orb of Zot
}: 3/15 runes: decaying, serpentine, silver
a: Heroism, Finesse, Renounce Religion


You escaped.
You worshipped Okawaru.
Okawaru was exalted by your worship.
You were very full.

You visited 10 branches of the dungeon, and saw 50 of its levels.
You visited the Abyss 2 times.
You also visited: Labyrinth and Ice Cave.

You collected 8470 gold pieces.
You spent 3158 gold pieces at shops.

Inventory:

Hand Weapons
 a - a +9 fustibalus of freezing (weapon)
 b - a +9 quick blade
 W - a +6 blowgun
Missiles
 e - 192 sling bullets (quivered)
 l - 7 needles of frenzy
 m - 8 throwing nets
 t - 353 stones
 C - 11 curare-tipped needles
Armour
 c - the +5 cloak "Adohoena" (worn) {rPois rF+ Regen+ Str+2}
   (Okawaru gifted it to you on level 2 of the Realm of Zot)

   It affects your strength (+2).
   It protects you from fire.
   It protects you from poison.
   It increases your rate of regeneration.
 n - a +2 plate armour of fire resistance
 w - a +2 pair of gloves of archery (worn)
 x - the -2 helmet of Cugrou (worn) {Str+4 Dex+6}
   (You found it on level 14 of the Dungeon)

   It affects your strength (+4).
   It affects your dexterity (+6).
 A - a +0 shield of reflection (worn)
 B - a +2 pair of boots of running (worn)
 F - a +14 crystal plate armour (worn)
 V - a +3 shield
 Z - a scarf of repulsion
Jewellery
 s - the amulet of Taewitim (around neck) {Harm *Drain rN++}
   (You found it on level 15 of the Dungeon)

   [amulet of harm]

   It increases damage dealt and taken.
   It greatly protects you from negative energy.
   It causes draining when unequipped.
 u - an uncursed ring of resist corrosion
 E - the ring "Rewkana" (left hand) {-Tele rC+ MR+ Stlth+}
   (You found it on level 5 of the Depths)

   [ring of protection from magic]

   It protects you from cold.
   It affects your resistance to hostile enchantments.
   It prevents most forms of teleportation.
   It makes you more stealthy.
 O - the ring "Geacs" (right hand) {rElec rF+ rN+ Str+4 Stlth-}
   (You found it on level 4 of the Vaults)

   [ring of strength]

   It affects your strength (+4).
   It protects you from fire.
   It insulates you from electricity.
   It protects you from negative energy.
   It makes you less stealthy.
Wands
 p - a wand of paralysis (11)
 I - a wand of digging (30)
 Q - a wand of acid (15)
Scrolls
 h - 3 scrolls of vulnerability {!r}
 i - 4 scrolls of blinking {!r}
 k - 17 scrolls of magic mapping {!r}
 q - 3 scrolls of amnesia {!r}
 r - 2 scrolls of summoning {!r}
 H - 17 scrolls of fog {!r}
 J - 24 scrolls of remove curse {!r}
 K - 8 scrolls of fear {!r}
 R - 32 scrolls of teleportation {!r}
 U - 2 scrolls of silence {!r}
Potions
 d - 2 potions of might {!q}
 g - 5 potions of mutation {!q}
 j - 18 potions of curing {!q}
 o - 5 potions of berserk rage {!q}
 z - 4 potions of cancellation {!q}
 D - 3 potions of invisibility {!q}
 G - 12 potions of brilliance {!q}
 L - 3 potions of magic {!q}
 M - 5 potions of flight {!q}
 P - 19 potions of heal wounds {!q}
 S - 3 potions of resistance {!q}
 X - 11 potions of haste {!q}
 Y - 9 potions of agility {!q}
Comestibles
 f - 82 rations


   Skills:
 + Level 22.6 Fighting
 - Level 5.0 Short Blades
 - Level 22.0 Slings
 + Level 22.9 Armour
 + Level 22.9 Dodging
 - Level 21.0 Shields
 - Level 6.0 Spellcasting
 - Level 8.0 Hexes
 - Level 8.1 Charms
 - Level 8.0 Necromancy
 - Level 10.0 Translocations
 + Level 14.1 Invocations


You had 18 spell levels left.
You knew the following spells:

 Your Spells              Type           Power        Failure   Level  Hunger
a - Apportation           Tloc           ##....       2%          1    #......
b - Poisonous Vapours     Pois/Air       #.....       92%         2    ###....
c - Portal Projectile     Hex/Tloc       ##....       11%         3    ###....
e - Mephitic Cloud        Conj/Pois/Air  #.......     99%         3    ###....
r - Regeneration          Chrm/Necr      ##........   16%         3    ###....
s - Silence               Hex/Air        #.........   100%        5    ######.
v - Blink                 Tloc           N/A          3%          2    ###....
z - Confusing Touch       Hex            ##....       5%          1    #......


Dungeon Overview and Level Annotations

Branches:
Dungeon (15/15)            Temple (1/1) D:4            Lair (6/6) D:9
  Swamp (4/4) Lair:2        Snake (4/4) Lair:2        Slime (0/5) Lair:5
    Orc (2/2) D:9             Elf (3/3) Orc:2        Vaults (5/5) D:13
  Crypt (0/3) Vaults:2     Depths (5/5) D:15            Zot (5/5) Depths:5

Altars:
Ashenzari
Dithmenos
Fedhas
Gozag
Kikubaaqudgha
Nemelex Xobeh
Okawaru
Qazlal
Trog
Uskayaw
Vehumet
Xom
Yredelemnul
Zin

Shops:
D:10 [   D:11 *   D:15 *   Orc:2 (:[*   Elf:1 !   Snake:1 (   Snake:4 }==
Vaults:1 [%*!   Vaults:5 !   Depths:4 [![

Portals:
Hell: Depths:1 Depths:2 Depths:3 Depths:4 Depths:5
Abyss: Depths:4
Pandemonium: Depths:3
Ziggurat: Depths:5
Trove: D:14 (give +5 demon trident)


Innate Abilities, Weirdness & Mutations

You are small and have problems with some larger weapons.
You are somewhat resistant to further mutation.
You possess an exceptional clarity of mind.
Your natural rate of healing is unusually fast.
You expend magic power (3 MP) to strengthen your wands.


Message History

The sling bullet barely misses the hell hog.
You block the hell hog's attack.
The rakshasa weaves an illusion.
The hell hog shimmers and seems to become two!
Firing (i - inventory. (,) - cycle):
e - 196 sling bullets (quivered)
Press: ? - help, Shift-Dir - straight line, f/p - hell hog
Aim: a hell hog (severely wounded)
You shoot a sling bullet. The sling bullet hits the hell hog!!
The sling bullet freezes the hell hog.
You kill the hell hog!
Okawaru accepts your kill. You block the hell hog's attack.
Firing (i - inventory. (,) - cycle):
e - 195 sling bullets (quivered)
Press: ? - help, Shift-Dir - straight line, f - hell hog
Aim: a hell hog (severely wounded)
You shoot a sling bullet. The sling bullet hits the hell hog!!
The sling bullet freezes the hell hog.
You kill the hell hog!
The hell hog's corpse shimmers and vanishes!
Firing (i - inventory. (,) - cycle):
e - 194 sling bullets (quivered)
Press: ? - help, Shift-Dir - straight line, f - rakshasa
Aim: a rakshasa, wielding a trident and wearing a robe You shoot a sling bullet.
The sling bullet hits the rakshasa!!!
The sling bullet freezes the rakshasa.
The rakshasa is almost dead.
The rakshasa blinks!
Firing (i - inventory. (,) - cycle):
e - 193 sling bullets (quivered)
Press: ? - help, Shift-Dir - straight line, f/p - rakshasa
Aim: a rakshasa, wielding a trident and wearing a robe (almost dead)
You shoot a sling bullet. The sling bullet hits the rakshasa.
The sling bullet freezes the rakshasa.
You kill the rakshasa!
Okawaru accepts your kill.
Firing (i - inventory. (,) - cycle):
e - 192 sling bullets (quivered)
Press: ? - help, Shift-Dir - straight line, f - you That would be overly suicidal.
Okay, then.
Firing (i - inventory. (,) - cycle):
e - 192 sling bullets (quivered)
Press: ? - help, Shift-Dir - straight line, f - you That would be overly suicidal.
Okay, then.
Firing (i - inventory. (,) - cycle):
e - 192 sling bullets (quivered)
Press: ? - help, Shift-Dir - straight line, f - you That would be overly suicidal.
Okay, then.
Firing (i - inventory. (,) - cycle):
e - 192 sling bullets (quivered)
Press: ? - help, Shift-Dir - straight line, f - you That would be overly suicidal.
Okay, then.
(D) Dungeon (T) Temple (L) Lair (S) Swamp (P) Snake Pit (M) Slime Pits (O) Orcish Mines (E) Elven Halls (V) Vaults (C) Crypt (U) Depths (H) Hell (Z) Zot
Where to? (Enter - D:1 @ (x,y), ? - help)
You see here 2 sling bullets.
Things that are here:
2 sling bullets; a hell hog corpse You see here a hell hog corpse.
Things that are here:
2 sling bullets; a hell hog corpse You see here a sling bullet.
You see here a club.
There is a staircase leading out of the dungeon here.
You have escaped!

....# ######..#########.###.#
....# ######.....######.# #.##
....######...#.....#...##.# #..#
.........#.8.#.....#.8.##.####.##
.#######.#...#.....#...#.......>#
.# #.#####.....#####.######## .#
#.................# .#
#.................# .#
#........@........# .#
#................## .#
#................# .#
#######.....###### ##
##...#.....#...##
##.8.#.....#.8.##
##...#.....#...##
######.....######
#################


There were no monsters in sight!

Vanquished Creatures
  3 orbs of fire (Zot:5)
  Mennas (Vaults:4)
  7 ancient liches
  A juggernaut (Depths:4)
  Boris (Vaults:2)
  Saint Roka (Vaults:4)
  Vashnia (Snake:3)
  the Lernaean hydra (Swamp:4)
  4 Killer Klowns
  2 curse toes
  A golden dragon (shapeshifter) (Depths:5)
  19 golden dragons
  The ghost of Aviak the Eclecticist, an adept DrSk of Vehumet (Vaults:4)
  Jory (Depths:4)
  the Enchantress (Depths:3)
  A bone dragon (Abyss:3)
  5 electric golems
  A Tzitzimitl (Depths:2)
  A Brimstone Fiend (Depths:5)
  6 liches
  Rupert (Lair:6)
  11 tentacled monstrosities
  The ghost of Amnesiac the Imperceptible, an adept FeEE of Ashenzari (Zot:5)
  The ghost of SpeedyPerson7 the Warrior, an adept MiBe of Trog (Vaults:4)
  25 Orb Guardians
  An Ice Fiend (Depths:5)
  7 quicksilver dragons
  7 titans
  2 deep elf master archers (Elf:3)
  5 death cobs
  An eldritch tentacle (Depths:2)
  11 shadow dragons
  Frances (Swamp:1)
  9 sphinxes
  A thorn hunter (Swamp:4)
  10 tengu reavers
  12 storm dragons
  A draconian monk (Zot:1)
  11 fire giants
  3 deep elf sorcerers (Elf:3)
  8 nagarajas
  2 iron dragons (Vaults:5)
  4 draconian knights
  13 vault wardens
  2 draconian scorchers
  A balrug (Depths:1)
  2 cacodemons
  10 deep elf elementalists
  A ghost moth (Zot:5)
  Louise (Swamp:2)
  An orc warlord (Orc:2)
  A caustic shrike zombie (Depths:2)
  15 frost giants
  A juggernaut zombie (Depths:2)
  6 draconian shifters
  26 very ugly things
  5 reapers
  A war gargoyle (Vaults:4)
  8 ironheart preservers
  18 stone giants
  2 draconian stormcallers
  9 spriggan defenders
  An entropy weaver (shapeshifter) (Vaults:4)
  5 deep elf demonologists
  5 draconian annihilators
  7 vampire knights
  13 deep elf annihilators (Elf:3)
  7 red draconians
  15 green draconians
  14 yellow draconians
  16 spark wasps
  17 purple draconians
  10 white draconians
  12 black draconians
  A quicksilver dragon zombie (Depths:2)
  20 ettins
  A blizzard demon (Depths:3)
  4 crystal guardians (Elf:3)
  A minotaur (Lab)
  15 fire dragons
  10 deep elf death magi
  16 yaktaur captains
  5 rakshasas
  15 ice dragons
  7 deep elf high priests
  10 great orbs of eyes
  A hell beast (Depths:4)
  36 vault guards
  Fannar (Orc:1)
  3 ghost crabs
  2 monstrous demonspawn (D:7)
  13 naga warriors
  25 hydras
  2 spriggan air magi
  53 two-headed ogres
  12 centaur warriors
  A catoblepas (Depths:4)
  A juggernaut simulacrum (Depths:2)
  7 anacondas
  7 deep troll shamans
  16 alligators
  11 death yaks
  11 ogre magi
  A queen ant (Lair:3)
  6 deep troll earth magi
  5 tengu warriors
  4 orc high priests (Orc:2)
  26 dancing weapons
  4 hell hogs (D:1)
  29 spriggans
  5 shock serpents
  18 naga sharpshooters
  6 spriggan berserkers
  7 soul eaters
  22 deep elf knights
  4 sun demons
  2 titan skeletons (Depths:2)
  8 iron trolls
  2 salamander mystics
  4 sixfirhies
  A wretched star (Abyss:3)
  A death drake (shapeshifter) (Vaults:4)
  A spark wasp zombie (Depths:2)
  2 shadow wraiths
  5 wizards
  2 unseen horrors
  3 glowing orange brains
  25 deep trolls
  3 flayed ghosts
  3 naga ritualists
  12 deep elf archers
  16 skeletal warriors
  7 spriggan druids
  14 swamp dragons
  Pikel (D:5)
  2 sphinx zombies
  10 necromancers
  14 ironbrand convokers
  16 orc knights
  3 phantasmal warriors
  3 lindwurms
  A golden dragon skeleton (Depths:2)
  7 harpies
  2 wolf spiders
  5 shambling mangroves
  An orb spider (shapeshifter) (Depths:3)
  A fire giant zombie (Depths:2)
  7 mana vipers
  A stone giant zombie (Depths:2)
  7 cyclopes
  6 orc sorcerers
  28 moths of wrath
  20 salamanders
  47 ugly things
  A cyclops (shapeshifter) (Vaults:4)
  3 manticores
  2 frost giant zombies (Depths:2)
  A shining eye (Depths:5)
  An iron dragon zombie (Depths:1)
  3 oklob plants
  62 deep elf magi
  A sphinx skeleton (Depths:2)
  An elephant (shapeshifter) (Vaults:1)
  4 ice statues (IceCv)
  18 vault sentinels
  2 fire giant skeletons
  4 elephants (Lair:2)
  A stone giant skeleton (Depths:2)
  6 guardian serpents
  A rust devil (Depths:4)
  29 black mambas
  2 eyes of devastation
  3 smoke demons
  3 orange demons
  17 spiny frogs
  13 naga magi
  A gargoyle (D:11)
  5 torpor snails (Lair:6)
  2 yaktaur zombies (Vaults:1)
  5 rime drakes
  5 freezing wraiths
  44 yaktaurs
  A spriggan zombie (Depths:2)
  10 komodo dragons
  2 efreet
  A hellwing (D:1)
  9 ice devils (IceCv)
  A kobold demonologist (D:12)
  4 red devils
  An ancient zyme (Abyss:3)
  5 tengu conjurers
  3 elf skeletons (Depths:2)
  A golden dragon simulacrum (Depths:2)
  A jumping spider (shapeshifter) (Depths:1)
  38 hornets
  2 meliai (shapeshifter)
  A polar bear (Lair:3)
  6 trolls
  A sphinx simulacrum (Depths:2)
  Prince Ribbit (D:6)
  12 blink frogs
  A tengu simulacrum (Vaults:2)
  9 tyrant leeches
  7 bog bodies
  A fire giant simulacrum (Depths:2)
  7 dream sheep (Lair:1)
  102 slime creatures
  8 hippogriffs
  A meliai zombie (D:11)
  2 dream sheep (shapeshifter)
  A snapping turtle (shapeshifter) (Vaults:5)
  A stone giant simulacrum (Depths:2)
  A redback (shapeshifter) (D:15)
  5 wraiths
  A tarantella (shapeshifter) (Depths:3)
  3 spriggan skeletons (Depths:2)
  5 air elementals
  8 water elementals
  A human (shapeshifter) (Vaults:3)
  3 ettin skeletons (Depths:2)
  A fire bat (shapeshifter) (Vaults:5)
  3 ynoxinuls
  4 wyverns
  A golden eye (shapeshifter) (Depths:2)
  2 large abominations (Abyss:3)
  35 yaks
  4 hogs (D:7)
  5 basilisks
  A fire elemental (Elf:2)
  3 golden eyes (Abyss:3)
  3 humans
  20 vampire mosquitoes
  4 chaos spawn
  A neqoxec (Depths:1)
  A hog (shapeshifter) (Vaults:4)
  2 steam dragons (Lair:6)
  9 insubstantial wisps
  12 wargs
  4 hungry ghosts
  58 nagas
  A soldier ant (shapeshifter) (Vaults:4)
  A naga (shapeshifter) (D:15)
  23 swamp worms
  6 acid dragons
  The ghost of Typee the Sneak, an amateur OpEE (D:3)
  A human zombie (Depths:2)
  13 soldier ants
  A small abomination (Abyss:3)
  12 water moccasins
  2 hell hounds (Depths:4)
  3 floating eyes
  13 porcupines
  19 swamp drakes
  42 orc warriors
  8 starcursed masses (Abyss:3)
  2 slaves (D:5)
  15 ice beasts
  6 sky beasts
  2 eyes of draining (shapeshifter)
  43 ogres
  A phantom (D:9)
  A spriggan simulacrum (Depths:2)
  26 boggarts
  A wolf (Vaults:4)
  24 centaurs
  18 crocodiles
  4 human skeletons
  3 big kobolds
  An earth elemental (Elf:1)
  17 bullfrogs
  A deep troll simulacrum (Vaults:2)
  5 scorpions
  3 wights (D:7)
  60 killer bees
  A howler monkey (D:12)
  An electric eel (Lair:2)
  3 centaur zombies
  2 bullfrog zombies
  7 crimson imps
  A draconian simulacrum (IceCv)
  4 jellies
  10 hounds
  A quasit (D:11)
  34 orc wizards
  A bullfrog skeleton (D:12)
  24 orc priests
  3 centaur skeletons
  An iron imp (Depths:4)
  6 iguanas
  Ijyb (D:3)
  29 worker ants
  7 hell rats (Lair:5)
  2 troll simulacra (IceCv)
  A killer bee zombie (D:4)
  A centaur simulacrum (IceCv)
  2 hound zombies
  2 hound skeletons
  A howler monkey skeleton (D:6)
  18 adders
  3 naga simulacra (IceCv)
  3 ogre simulacra (IceCv)
  3 shadow imps
  An ufetubus (Abyss:3)
  4 oozes
  An adder zombie (D:6)
  8 worms
  A ball lightning (Vaults:4)
  4 leopard geckos
  114 orcs
  3 bats
  5 giant cockroaches
  10 goblins
  7 hobgoblins
  A hobgoblin (shapeshifter) (Depths:3)
  11 jackals
  19 kobolds
  6 quokkas
  A quokka skeleton (D:4)
  6 rats
  4 fungi
  8 plants
2621 creatures vanquished.

Vanquished Creatures (others)
  Nikola (Elf:2)
  Asterion (Elf:2)
  A moth of wrath (Zot:5)
  A tormentor (D:2)
  A hellwing (Depths:1)
  A troll (Zot:4)
  An ogre (Zot:4)
  5 ball lightnings (Vaults:4)
  2 orcs
  A bush (Depths:4)
  14 fungi
  A lurking horror (Abyss:3)
  43 plants
73 creatures vanquished.

Grand Total: 2694 creatures vanquished

Notes
Turn   | Place    | Note
-------+----------+-------------------------------------------
     0 | D:1      | Amnesiac the Halfling Fighter began the quest for the Orb.
     0 | D:1      | Reached XP level 1. HP: 15/15 MP: 1/1
    42 | D:1      | Reached skill level 1 in Dodging
   115 | D:1      | Reached XP level 2. HP: 17/20 MP: 2/2
   237 | D:1      | Reached skill level 1 in Slings
   562 | D:2      | Reached XP level 3. HP: 18/25 MP: 3/3
   721 | D:2      | Reached XP level 4. HP: 16/30 MP: 4/4
  2175 | D:3      | Reached XP level 5. HP: 35/35 MP: 5/5
  2211 | D:3      | Noticed Typee's ghost (amateur OpEE)
  2214 | D:3      | Found a stormy altar of Qazlal.
  2361 | D:3      | Reached skill level 5 in Slings
  2774 | D:3      | Noticed Ijyb
  2848 | D:2      | Reached XP level 6. HP: 38/41 MP: 6/6
  3008 | D:3      | Killed Typee's ghost
  3170 | D:3      | You fall through a shaft!
  3211 | D:4      | Reached XP level 7. HP: 40/45 MP: 7/7
  3275 | D:4      | Found a sparkling altar of Nemelex Xobeh.
  3573 | D:3      | Killed Ijyb
  3617 | D:4      | Found a shadowy altar of Dithmenos.
  3836 | D:4      | Found a staircase to the Ecumenical Temple.
  3894 | Temple   | Entered the Ecumenical Temple
  3908 | Temple   | Became a worshipper of Warmaster Okawaru
  4214 | D:5      | Entered Level 5 of the Dungeon
  4313 | D:5      | Learned a level 1 spell: Confusing Touch
  4577 | D:5      | Reached skill level 10 in Slings
  4577 | D:5      | Reached XP level 8. HP: 29/51 MP: 8/8
  4982 | D:5      | Noticed Pikel
  5033 | D:5      | Killed Pikel
  5033 | D:5      | Reached * piety under Okawaru
  5417 | D:6      | Reached XP level 9. HP: 55/55 MP: 9/9
  5509 | D:6      | Learned a level 3 spell: Regeneration
  5635 | D:6      | Reached skill level 1 in Invocations
  5752 | D:6      | Noticed Prince Ribbit
  5783 | D:6      | Killed Prince Ribbit
  5783 | D:6      | Reached ** piety under Okawaru
  6345 | D:6      | Found a sparkling altar of Nemelex Xobeh.
  6823 | D:7      | Found a blossoming altar of Fedhas.
  6923 | D:7      | Reached *** piety under Okawaru
  6969 | D:7      | Noticed a hippogriff
  6977 | D:7      | Reached skill level 5 in Shields
  7098 | D:7      | Reached skill level 5 in Armour
  7101 | D:7      | Reached skill level 5 in Dodging
  7242 | D:7      | Reached XP level 10. HP: 65/65 MP: 11/11
  7437 | D:7      | Found a glowing silver altar of Zin.
  7673 | D:7      | Reached **** piety under Okawaru
  7714 | D:7      | Reached skill level 5 in Fighting
  8222 | D:8      | Noticed a two-headed ogre
  8274 | D:8      | Killed a two-headed ogre
  8274 | D:8      | Received a gift from Okawaru
  8567 | D:8      | Noticed a two-headed ogre
  8612 | D:8      | Killed a two-headed ogre
  8612 | D:8      | Received a gift from Okawaru
  8612 | D:8      | Reached ***** piety under Okawaru
  8612 | D:8      | Received a gift from Okawaru
  8737 | D:8      | Reached XP level 11. HP: 64/72 MP: 13/13
  8860 | D:8      | Learned a level 2 spell: Blink
  8864 | D:8      | Learned a level 3 spell: Mephitic Cloud
  9304 | D:9      | Found a staircase to the Lair.
  9482 | D:9      | Found a bloodstained altar of Trog.
  9715 | D:9      | Found a staircase to the Orcish Mines.
 10322 | D:9      | Received a gift from Okawaru
 10485 | D:10     | Entered Level 10 of the Dungeon
 10635 | D:10     | Found Zitay's Armour Boutique.
 11119 | D:10     | Found a shimmering altar of Xom.
 11446 | D:10     | Found an iron altar of Okawaru.
 11726 | D:11     | Noticed a two-headed ogre
 11766 | D:10     | Killed a two-headed ogre
 11884 | D:11     | Killed an unseen horror
 11884 | D:11     | Reached skill level 5 in Invocations
 11997 | D:11     | Reached XP level 12. HP: 31/80 MP: 15/15
 12389 | D:11     | Noticed a two-headed ogre
 12422 | D:11     | Killed a two-headed ogre
 12564 | D:11     | Noticed a two-headed ogre
 12572 | D:11     | Noticed a skeletal warrior
 12607 | D:11     | Killed a two-headed ogre
 12664 | D:11     | Killed a skeletal warrior
 12850 | D:11     | Noticed a skeletal warrior
 12862 | D:11     | Noticed a skeletal warrior
 12866 | D:11     | Killed a skeletal warrior
 12881 | D:11     | Killed a skeletal warrior
 12948 | D:11     | Noticed a skeletal warrior
 12968 | D:11     | Killed a skeletal warrior
 12968 | D:11     | Received a gift from Okawaru
 13064 | D:11     | Noticed a skeletal warrior
 13066 | D:11     | Noticed a skeletal warrior
 13069 | D:11     | Noticed a skeletal warrior
 13086 | D:11     | Killed a skeletal warrior
 13086 | D:11     | Received a gift from Okawaru
 13101 | D:11     | Killed a skeletal warrior
 13661 | D:11     | Found Mounloha's Assorted Antiques.
 13775 | D:11     | Noticed a skeletal warrior
 13793 | D:11     | Killed a skeletal warrior
 13923 | D:11     | Killed a skeletal warrior
 14178 | D:11     | Identified Sif Muna's Catalogue of Glacial Transmigration
 14269 | D:12     | Noticed a seven-headed hydra
 14285 | D:12     | Killed a seven-headed hydra
 14285 | D:12     | Received a gift from Okawaru
 14285 | D:12     | Reached XP level 13. HP: 88/88 MP: 17/17
 14372 | D:12     | Noticed an eight-headed hydra
 14406 | D:12     | Killed an eight-headed hydra
 14677 | D:12     | Reached skill level 10 in Shields
 14858 | D:12     | Reached skill level 10 in Dodging
 14873 | D:12     | Reached skill level 10 in Armour
 15281 | D:13     | Noticed a vault guard
 15382 | D:13     | Noticed a centaur warrior
 15404 | D:13     | Killed a centaur warrior
 15505 | D:13     | Reached ****** piety under Okawaru
 15547 | D:13     | Noticed a vault guard
 15608 | D:12     | Killed a vault guard
 15608 | D:12     | Received a gift from Okawaru
 15682 | D:12     | Killed a vault guard
 15682 | D:12     | Reached skill level 15 in Slings
 15798 | D:13     | Received a gift from Okawaru
 15961 | D:13     | Found a gate to the Vaults.
 15961 | D:13     | Noticed a vault guard
 16025 | D:13     | Killed a vault guard
 16295 | D:13     | Received a gift from Okawaru
 16295 | D:13     | Reached skill level 5 in Short Blades
 16298 | D:13     | Got a pair of spiked gloves {god gift}
 16309 | D:13     | Identified the +3 pair of gloves of the Realm of Zot {+Fly Str+2 Dex+3 Stlth-} (Okawaru gifted it to you on level 13 of the Dungeon)
 16732 | D:13     | Noticed a five-headed hydra
 16737 | D:13     | Killed a five-headed hydra
 16737 | D:13     | Reached XP level 14. HP: 85/97 MP: 19/19
 17174 | D:14     | Found a basalt altar of Yredelemnul.
 17186 | D:14     | Got a jewelled helmet
 17192 | D:14     | Identified the cursed -2 helmet of Cugrou {Str+4 Dex+6} (You found it on level 14 of the Dungeon)
 17616 | D:14     | Received a gift from Okawaru
 17657 | D:14     | Received a gift from Okawaru
 17718 | D:14     | Found a portal to a secret trove of treasure.
 18263 | D:15     | Entered Level 15 of the Dungeon
 18538 | D:15     | Reached skill level 10 in Fighting
 18538 | D:15     | Reached XP level 15. HP: 85/103 MP: 21/21
 18548 | D:15     | Received a gift from Okawaru
 18866 | D:15     | Found Heapsikh's Changing Room.
 18872 | D:15     | Got a crude tin amulet
 18873 | D:15     | Identified the amulet of Taewitim {Harm *Drain rN++} (You found it on level 15 of the Dungeon)
 19099 | D:15     | Received a gift from Okawaru
 19260 | D:15     | Received a gift from Okawaru
 19270 | D:15     | Identified a +1 pair of boots of running (You found it on level 15 of the Dungeon)
 19366 | D:15     | Found a staircase to the Depths.
 19683 | Depths:1 | Entered Level 1 of the Depths
 19945 | Depths:1 | Paralysed by a wizard for 3 turns
 19954 | Depths:1 | Paralysed by a wizard for 2 turns
 20101 | Orc:1    | Entered Level 1 of the Orcish Mines
 20101 | Orc:1    | Noticed Fannar
 20109 | Orc:1    | Killed Fannar
 20357 | Orc:2    | Entered Level 2 of the Orcish Mines
 20449 | Orc:2    | Found a frozen archway.
 20566 | IceCv    | Entered an ice cave
 20914 | IceCv    | Received a gift from Okawaru
 20989 | IceCv    | Got an ebony short sword {venom}
 21007 | IceCv    | Got a slimy trident
 21245 | Orc:2    | Found a staircase to the Elven Halls.
 21450 | Orc:2    | Received a gift from Okawaru
 21552 | Orc:2    | Received a gift from Okawaru
 21869 | Orc:2    | Noticed an orc warlord
 21879 | Orc:2    | Killed an orc warlord
 22113 | Orc:2    | Received a gift from Okawaru
 22153 | Orc:2    | Received a gift from Okawaru
 22312 | Orc:2    | Found Luki's Antique Armour Shop.
 22313 | Orc:2    | Found Niulishru's Antique Weapon Boutique.
 22314 | Orc:2    | Found Vubaim's General Store.
 22314 | Orc:2    | Found Zaud's Book Shop.
 22318 | Orc:2    | Bought 15 sling bullets for 97 gold pieces
 22318 | Orc:2    | Bought 31 stones for 40 gold pieces
 22318 | Orc:2    | Bought a potion of heal wounds for 65 gold pieces
 22318 | Orc:2    | Bought a potion of invisibility for 104 gold pieces
 22318 | Orc:2    | Bought a scroll of fear for 45 gold pieces
 22329 | Orc:2    | Bought a runed blowgun for 209 gold pieces
 22484 | Elf:1    | Entered Level 1 of the Elven Halls
 22564 | Elf:1    | Reached XP level 16. HP: 111/111 MP: 22/22
 22780 | Elf:1    | Found Egrir's Distillery.
 22793 | Elf:1    | Bought a potion of heal wounds for 75 gold pieces
 22793 | Elf:1    | Bought a potion of haste for 150 gold pieces
 22793 | Elf:1    | Bought a potion of haste for 150 gold pieces
 22793 | Elf:1    | Bought a potion of haste for 150 gold pieces
 22793 | Elf:1    | Bought 2 potions of agility for 120 gold pieces
 22982 | Elf:1    | Received a gift from Okawaru
 23063 | Elf:1    | Identified the +3 short sword of Dithmenos's Esteem {venom, rElec rC+ rN+ Str-2} (You took it off a necromancer in an ice cave)
 23554 | Elf:2    | Cast into level 3 of the Abyss (a deep elf demonologist)
 23708 | Abyss:3  | Noticed a lich
 23716 | Abyss:3  | Killed a lich
 23805 | Abyss:3  | Received a gift from Okawaru
 23872 | Abyss:3  | Noticed a bone dragon
 23886 | Abyss:3  | Killed a bone dragon
 23895 | Elf:2    | Escaped the Abyss
 24656 | Elf:2    | Received a gift from Okawaru
 24680 | Elf:2    | Noticed Asterion
 24803 | Elf:2    | Killed Asterion
 24981 | Elf:2    | Found a runed gate.
 24981 | Elf:2    | Found a runed gate.
 24981 | Elf:2    | Found a runed gate.
 24994 | Elf:2    | Reached XP level 17. HP: 113/119 MP: 23/23
 25648 | Elf:2    | Noticed Nikola
 25673 | Elf:2    | Killed Nikola
 26198 | Elf:3    | Identified a paperback manual
 26198 | Elf:3    | Entered Level 3 of the Elven Halls
 26368 | Elf:3    | Received a gift from Okawaru
 26371 | Elf:3    | Got an ancient hat {god gift}
 26383 | Elf:3    | Identified the +2 hat "Lally" {*Slow MR+ Regen+ Dex+2} (Okawaru gifted it to you on level 3 of the Elven Halls)
 26835 | Elf:3    | Reached XP level 18. HP: 85/127 MP: 24/24
 26846 | Elf:2    | Got a faintly glowing long sword {freeze}
 26848 | Elf:2    | Identified the +8 long sword "Houff" {freeze, rC+ Dex+3} (You took it off a deep elf mage on level 2 of the Elven Halls)
 27015 | Elf:3    | Noticed a deep elf master archer
 27021 | Elf:3    | Killed a deep elf master archer
 27234 | Elf:3    | Got a bloodstained short sword {pierce}
 27236 | Elf:3    | Identified the cursed +3 short sword "Dadoaczimp" {pierce, +Fly rPois} (You took it off a deep elf elementalist on level 3 of the Elven Halls)
 27421 | Elf:3    | Received a gift from Okawaru
 27429 | Elf:3    | Noticed an Ice Fiend
 27432 | Elf:3    | Got a slimy dagger {god gift}
 27446 | Elf:3    | Reached skill level 15 in Shields
 27564 | Elf:3    | Reached skill level 15 in Armour
 27716 | Elf:3    | Reached skill level 15 in Dodging
 27786 | Elf:3    | Noticed a deep elf master archer
 27792 | Elf:3    | Received a gift from Okawaru
 27793 | Elf:3    | Cast into level 2 of the Abyss (a deep elf sorcerer)
 27832 | Elf:3    | Escaped the Abyss
 28576 | Elf:3    | Killed a deep elf master archer
 28692 | Elf:3    | Got a transparent robe
 28728 | Elf:3    | Identified the +1 robe of the Princess {Int+3 Dex+6} (You took it off a deep elf high priest on level 3 of the Elven Halls)
 28765 | Elf:3    | Identified the Disquisition on Cold and Execration
 28936 | Elf:3    | Found the +3 Elemental Staff {rElec rF++ rC++ MR++ AC+5}
 28985 | Elf:3    | Identified Zepox's Almanac of the Frostbite and Unholy Magic
 28991 | Elf:3    | Identified Sif Muna's Disquisition on the Frostbite
 29045 | Elf:3    | Got an emerald-encrusted chain mail
 29188 | Lair:1   | Entered Level 1 of the Lair of Beasts
 29229 | Lair:1   | Identified the cursed +0 chain mail of Pipneol {Int+7 Dex+4} (You took it off a deep elf master archer on level 3 of the Elven Halls)
 29231 | Lair:1   | Found a labyrinth entrance.
 29390 | Lab      | Entered a labyrinth
 30707 | Lab      | Got an ancient scale mail
 30720 | Lair:1   | Learned a level 5 spell: Silence
 30723 | Lair:1   | Identified the cursed +1 scale mail of the Undertaker {*Slow Int+3 Dex+2} (You found it in a labyrinth)
 31297 | Lair:1   | Reached XP level 19. HP: 70/134 MP: 25/25
 31576 | Lair:2   | Found a staircase to the Snake Pit.
 32077 | Lair:2   | Found a staircase to the Swamp.
 32557 | Lair:3   | Received a gift from Okawaru
 33702 | Lair:4   | Received a gift from Okawaru
 34032 | Lair:5   | Learned a level 1 spell: Apportation
 34163 | Lair:5   | Found a staircase to the Slime Pits.
 34726 | Lair:6   | Entered Level 6 of the Lair of Beasts
 34740 | Lair:6   | Received a gift from Okawaru
 34787 | Lair:6   | Identified the +0 pair of boots of Indecent Exposure {Dex+5} (Okawaru gifted it to you on level 6 of the Lair of Beasts)
 34814 | Lair:6   | Noticed Rupert
 34830 | Lair:6   | Killed Rupert
 35810 | Lair:6   | Found a runed door.
 36459 | Snake:1  | Entered Level 1 of the Snake Pit
 36581 | Snake:1  | Found Rehio's Antique Weapon Shop.
 37013 | Snake:1  | Received a gift from Okawaru
 37065 | Snake:1  | Reached skill level 10 in Invocations
 37148 | Snake:1  | Reached XP level 20. HP: 142/142 MP: 27/27
 37347 | Snake:2  | Received a gift from Okawaru
 37441 | Snake:2  | Found a stormy altar of Qazlal.
 37772 | Snake:2  | Received a gift from Okawaru
 38836 | Snake:3  | Noticed Vashnia
 38876 | Snake:3  | Killed Vashnia
 39771 | Snake:4  | Entered Level 4 of the Snake Pit
 40434 | Snake:4  | Received a gift from Okawaru
 40531 | Snake:4  | Reached XP level 21. HP: 149/149 MP: 28/28
 40767 | Snake:4  | Got a serpentine rune of Zot
 41168 | Snake:4  | Found Noustryh's Jewellery Boutique.
 41170 | Snake:4  | Found Vaxketro's Gadget Emporium.
 41171 | Snake:4  | Found Qopiol Luda's Jewellery Boutique.
 41330 | Swamp:1  | Entered Level 1 of the Swamp
 41590 | Swamp:1  | Received a gift from Okawaru
 41591 | Swamp:1  | Got a smoking hand crossbow {god gift}
 41593 | Swamp:1  | Identified the +8 hand crossbow of Guile {flame, Dex+4 Stlth+} (Okawaru gifted it to you on level 1 of the Swamp)
 42035 | Swamp:1  | Noticed Frances
 42068 | Swamp:1  | Killed Frances
 42544 | Swamp:2  | Noticed Louise
 42557 | Swamp:2  | Killed Louise
 42734 | Swamp:2  | Identified the +2 buckler of the New World {Regen+} (You found it on level 2 of the Swamp)
 42923 | Swamp:2  | Received a gift from Okawaru
 43016 | Swamp:2  | Identified the ring of Fuppimu {+Blink MR+ Int+4} (You found it on level 2 of the Swamp)
 44083 | Swamp:4  | Entered Level 4 of the Swamp
 44364 | Swamp:4  | Reached skill level 15 in Fighting
 44480 | Swamp:4  | Noticed the 27-headed Lernaean hydra
 44493 | Swamp:4  | Killed the 27-headed Lernaean hydra
 44509 | Swamp:4  | Reached XP level 22. HP: 98/157 MP: 30/30
 45053 | Swamp:4  | Found a bloodstained altar of Trog.
 45291 | Swamp:4  | Got a decaying rune of Zot
 45741 | Vaults:1 | Entered Level 1 of the Vaults
 45759 | Vaults:1 | Received a gift from Okawaru
 45773 | Vaults:1 | Got a scorched hunting sling {god gift}
 45812 | Vaults:1 | Found Sizive Qeva's Food Shoppe.
 46124 | Vaults:1 | Found Fukop's Distillery.
 46129 | Vaults:1 | Found Puoss's Assorted Antiques.
 46137 | Vaults:1 | Bought a scroll of enchant weapon for 262 gold pieces
 46294 | D:11     | Bought a scroll of enchant armour for 202 gold pieces
 46915 | Vaults:1 | Found Mefanoodgh's Armour Emporium.
 47144 | Vaults:1 | Got a faintly glowing trident
 47248 | Vaults:1 | Identified the +3 hunting sling "Grim Tooth" {venom, Fragile +Fly rPois rN++} (Okawaru gifted it to you on level 1 of the Vaults)
 47623 | Vaults:1 | Received a gift from Okawaru
 48291 | Vaults:2 | Received a gift from Okawaru
 48681 | Vaults:2 | Received a gift from Okawaru
 48927 | Vaults:2 | Found a staircase to the Crypt.
 48927 | Vaults:2 | Found a basalt altar of Yredelemnul.
 48928 | Vaults:2 | Found an ancient bone altar of Kikubaaqudgha.
 49051 | Vaults:2 | Noticed Boris
 49077 | Vaults:2 | Killed Boris
 49540 | Vaults:3 | Reached XP level 23. HP: 164/164 MP: 31/31
 49737 | Vaults:3 | Received a gift from Okawaru
 50027 | Vaults:3 | Received a gift from Okawaru
 50419 | Vaults:3 | Received a gift from Okawaru
 50592 | Vaults:3 | Got a heavily runed buckler
 50715 | Vaults:3 | Identified the +0 buckler of Serendipity {rPois rF- Int+6} (You found it on level 3 of the Vaults)
 51249 | Vaults:4 | Noticed Saint Roka
 51258 | Vaults:4 | Killed Saint Roka
 51258 | Vaults:4 | Received a gift from Okawaru
 51474 | Vaults:4 | Noticed Aviak's ghost (adept DrSk)
 51495 | Vaults:4 | Killed Aviak's ghost
 51782 | Vaults:4 | Noticed a golden dragon
 51789 | Vaults:4 | Received a gift from Okawaru
 51796 | Vaults:4 | Killed a golden dragon
 51805 | Vaults:4 | Received a gift from Okawaru
 51868 | Vaults:4 | Identified the amulet "Innenomi" {RegenMP Str+3 Dex+3} (You found it on level 4 of the Vaults)
 51886 | Vaults:4 | Noticed SpeedyPerson7's ghost (adept MiBe)
 51931 | Vaults:4 | Killed SpeedyPerson7's ghost
 51951 | Vaults:4 | Reached XP level 24. HP: 142/172 MP: 31/32
 51960 | Vaults:4 | Noticed Mennas
 52004 | Vaults:4 | Killed Mennas
 52072 | Vaults:4 | Received a gift from Okawaru
 52456 | Vaults:4 | Got a coiled silver ring
 52457 | Vaults:4 | Identified the ring "Geacs" {rElec rF+ rN+ Str+4 Stlth-} (You found it on level 4 of the Vaults)
 53232 | Vaults:4 | Received a gift from Okawaru
 53727 | Vaults:5 | Entered Level 5 of the Vaults
 53727 | Vaults:5 | Noticed a golden dragon
 53777 | Vaults:5 | Noticed a golden dragon
 54060 | Vaults:4 | Killed a golden dragon
 54082 | Vaults:4 | Killed a golden dragon
 54290 | Vaults:5 | Reached XP level 25. HP: 179/179 MP: 26/32
 54321 | Vaults:4 | Received a gift from Okawaru
 54781 | Vaults:5 | Found Vufiyxt's Distillery.
 54804 | Vaults:5 | Bought a potion of mutation for 96 gold pieces
 54804 | Vaults:5 | Bought a potion of mutation for 96 gold pieces
 54804 | Vaults:5 | Bought a potion of heal wounds for 60 gold pieces
 54804 | Vaults:5 | Bought a potion of heal wounds for 60 gold pieces
 54916 | Vaults:5 | Paralysed by a sphinx for 5 turns
 55026 | Vaults:5 | Got a wavering brass ring
 55109 | Vaults:5 | Received a gift from Okawaru
 55268 | Vaults:5 | Noticed an ancient lich
 55285 | Vaults:5 | Killed an ancient lich
 55285 | Vaults:5 | Received a gift from Okawaru
 55540 | Vaults:5 | Identified the ring of Ustrilywoa {Ice Dex+3 Stlth+} (You took it off an ironheart preserver on level 5 of the Vaults)
 55640 | Vaults:5 | Got a silver rune of Zot
 56080 | Vaults:5 | Learned a level 2 spell: Poisonous Vapours
 56289 | Vaults:5 | Got a wavering platinum ring
 56290 | Vaults:5 | Identified the ring "Heal" {Int+2 Dex+4} (You found it on level 5 of the Vaults)
 56293 | Vaults:5 | Identified the Guide on Scorching Aid
 57059 | Depths:1 | Reached XP level 26. HP: 187/187 MP: 32/32
 57333 | Depths:1 | Identified the Grimoire of the Ditch-Digger
 57586 | Depths:1 | Found a gateway to Hell.
 57908 | Depths:2 | Received a gift from Okawaru
 58542 | Depths:2 | Found an ancient bone altar of Kikubaaqudgha.
 58542 | Depths:2 | Noticed an ancient lich
 58542 | Depths:2 | Noticed an ancient lich
 58555 | Depths:2 | Killed an ancient lich
 58571 | Depths:2 | Killed an ancient lich
 59190 | Depths:2 | Got an iridescent mace
 59191 | Depths:2 | Identified the +2 mace of Subterfuge {crush, rC+ Int+4 Dex+2} (You found it on level 2 of the Depths)
 59225 | Depths:2 | Received a gift from Okawaru
 59293 | Depths:2 | Identified the Disquisition on the Glacier and Stolen Souls
 59409 | Depths:3 | Got a heavily runed lapis lazuli ring
 59422 | Depths:3 | Received a gift from Okawaru
 59463 | Depths:3 | Reached XP level 27. HP: 175/196 MP: 32/32
 59876 | Depths:3 | Found a one-way gate leading to the halls of Pandemonium.
 59936 | Depths:3 | Noticed the Enchantress
 59944 | Depths:3 | Identified the ring "Lext" {rN+ MR+ Int+5} (You took it off a spriggan on level 3 of the Depths)
 60011 | Depths:3 | Killed the Enchantress
 60723 | Depths:3 | Got faerie dragon scales
 60862 | Depths:3 | Identified the +1 faerie dragon scales {rCorr Slay+2 SInv} (You took it off the Enchantress on level 3 of the Depths)
 61064 | Depths:4 | Found Zaten's Distillery.
 61066 | Depths:4 | Found Piec's Antique Armour Shop.
 61072 | Depths:4 | Bought a potion of heal wounds for 95 gold pieces
 61072 | Depths:4 | Bought 2 potions of heal wounds for 190 gold pieces
 61072 | Depths:4 | Bought a potion of resistance for 190 gold pieces
 61072 | Depths:4 | Bought a potion of resistance for 190 gold pieces
 61072 | Depths:4 | Bought a potion of resistance for 190 gold pieces
 61123 | Depths:4 | Received a gift from Okawaru
 61300 | Depths:4 | Found Meh Fuik's Antique Armour Emporium.
 61334 | Depths:4 | Noticed Jory
 61355 | Depths:4 | Killed Jory
 61444 | Depths:4 | Bought a pair of runed gloves for 322 gold pieces
 61645 | Depths:4 | Found the +7 great mace "Firestarter" {inner flame, rF++}
 61770 | Depths:4 | Found a one-way gate to the infinite horrors of the Abyss.
 61802 | Depths:4 | Noticed a juggernaut
 61810 | Depths:4 | Killed a juggernaut
 62209 | Depths:4 | Identified the Volume of Envenoming and Snow
 62520 | Depths:5 | Entered Level 5 of the Depths
 62520 | Depths:5 | Identified a scroll of acquirement
 62549 | Depths:5 | Identified the ring "Xeqeekk" {rC+ MP+9 Stlth+} (You acquired it on level 5 of the Depths)
 62632 | Depths:5 | Received a gift from Okawaru
 62899 | Depths:5 | Got a vibrating ivory ring
 62912 | Depths:5 | Identified the ring "Rewkana" {-Tele rC+ MR+ Stlth+} (You found it on level 5 of the Depths)
 63246 | Depths:5 | Found a gateway to a ziggurat.
 63674 | Depths:5 | Found a gate to the Realm of Zot.
 63686 | Zot:1    | Entered Level 1 of the Realm of Zot
 64369 | Zot:1    | Received a gift from Okawaru
 64601 | Zot:1    | Reached skill level 1 in Charms
 64621 | Zot:1    | Reached skill level 1 in Necromancy
 64641 | Zot:1    | Reached skill level 1 in Spellcasting
 65075 | Zot:1    | Reached skill level 1 in Translocations
 65365 | Zot:1    | Got a scintillating sapphire amulet
 65819 | Zot:1    | Identified A Beginning Course on the Arcane Arts
 65856 | Zot:1    | Identified Kach's Handbook of Cold and Enchantment
 65874 | Zot:1    | Learned a level 3 spell: Portal Projectile
 65905 | Zot:1    | Identified the Grimoire of Displacement
 66029 | Zot:1    | Identified the amulet "Ethoghenn" {RegenMP -Tele +Inv rPois rN+} (You took it off a black draconian on level 1 of the Realm of Zot)
 66101 | Zot:2    | Received a gift from Okawaru
 66101 | Zot:2    | Reached skill level 5 in Charms
 66108 | Zot:2    | Got a bloodstained cloak {god gift}
 66109 | Zot:2    | Identified the +5 cloak "Adohoena" {rPois rF+ Regen+ Str+2} (Okawaru gifted it to you on level 2 of the Realm of Zot)
 66397 | Zot:2    | Reached skill level 5 in Translocations
 66707 | Zot:2    | Reached skill level 5 in Necromancy
 67098 | Zot:3    | Reached skill level 5 in Spellcasting
 67241 | Zot:3    | Got a warped mace {crush}
 67370 | Zot:3    | Received a gift from Okawaru
 67580 | Zot:3    | Identified the Collected Works on Lightness
 67761 | Zot:4    | Reached skill level 1 in Hexes
 68111 | Zot:4    | Received a gift from Okawaru
 68151 | Zot:4    | Received a gift from Okawaru
 68152 | Zot:4    | Got a shimmering cloak {god gift}
 68158 | Zot:4    | Reached skill level 5 in Hexes
 68589 | Zot:5    | Entered Level 5 of the Realm of Zot
 68657 | Zot:5    | Identified the +0 cloak "Jamuo" {rN+ Str+2} (Okawaru gifted it to you on level 4 of the Realm of Zot)
 68934 | Zot:5    | Noticed an ancient lich
 68946 | Zot:5    | Killed an ancient lich
 68969 | Zot:5    | Noticed an orb of fire
 68969 | Zot:5    | Noticed an orb of fire
 68982 | Zot:5    | Killed an orb of fire
 68996 | Zot:5    | Killed an orb of fire
 69020 | Zot:5    | Received a gift from Okawaru
 69036 | Zot:5    | Noticed an ancient lich
 69043 | Zot:5    | Killed an ancient lich
 69047 | Zot:5    | Noticed an ancient lich
 69055 | Zot:5    | Killed an ancient lich
 69055 | Zot:5    | Received a gift from Okawaru
 69066 | Zot:5    | Got a smoking plate armour {god gift}
 69074 | Zot:5    | Identified the +1 plate armour of Compression {MR+ Dex+2} (Okawaru gifted it to you on level 5 of the Realm of Zot)
 69202 | Zot:5    | Noticed Amnesiac's ghost (adept FeEE)
 69204 | Zot:5    | Noticed an orb of fire
 69215 | Zot:5    | Killed Amnesiac's ghost
 69337 | Zot:5    | Gained mutation: Your body sometimes deteriorates upon taking damage. [an orb of fire]
 69342 | Zot:5    | Killed an orb of fire
 69388 | Zot:5    | Lost mutation: Your body sometimes deteriorates upon taking damage. [potion of mutation]
 69388 | Zot:5    | Gained mutation: You expend magic power (3 MP) to strengthen your wands. [potion of mutation]
 69388 | Zot:5    | Gained mutation: You possess an exceptional clarity of mind. [potion of mutation]
 69388 | Zot:5    | Gained mutation: Your natural rate of healing is unusually fast. [potion of mutation]
 69406 | Zot:5    | Reached skill level 10 in Translocations
 69533 | Zot:5    | Got the Orb of Zot
 69609 | Zot:5    | Noticed an ancient lich
 69616 | Zot:5    | Killed an ancient lich
 69862 | Depths:5 | Received a gift from Okawaru
 70280 | D:2      | Noticed Ocoa the pandemonium lord
 70383 | D:$      | Escaped with the Orb!

Vault maps used:
D:1:      minmay_arrival_glassed_features
D:3:      nicolae_qazlal_general_emergency, uniq_ijyb
D:4:      lemuel_crystal_altar, temple_statues, first_ration,
          serial_bayou_lagoon_a, nicolae_dithmenos_through_a_glass_darkly
D:5:      uniq_pikel
D:6:      nemelex_dance_club_becter, uniq_prince_ribbit1
D:7:      lemuel_round_altar, zin_academy, grunt_livestock
D:8:      serial_bayou_pond_c, minmay_misc_feat_pillars
D:9:      minmay_lair_entry_grove, orc_0_dummy, bloody_trog
D:10:     serial_shops, nicolae_shop_behind_doors, basic_altar,
          brannock_xom_greatest_gift
D:11:     serial_shops, nicolae_shop_behind_doors
D:13:     grunt_vaults_entry_fortified
D:14:     enter_trove_2, special_room, lemuel_tele_altar
D:15:     gammafunk_enter_depths_forms, serial_glass, glass_columns_a,
          glass_columns_b, minmay_misc_feat_five, nicolae_transmutations_shop
Temple:   compressed_dpeg_circular_temple
Lair:1:   wad_woods_minihive, lab_entry_generic, minmay_lair_oklob_chamber,
          grunt_megastairs_3
Lair:2:   nicolae_swamp_entry_splash_gauntlet,
          minmay_snake_entry_guardpost_small, lemuel_fruit_tree
Lair:3:   minmay_another_anthill
Lair:4:   serial_bayou_shore_b
Lair:5:   minmay_slime_entry_oklob_open, zaba_anthole
Lair:6:   guppyfry_lair_end_dragon, wormcave, grunt_megastairs_1,
          lemuel_fruit_fields, uniq_rupert
Swamp:1:  evilmike_swamp_ruin_house_2, uniq_frances
Swamp:2:  evilmike_swamp_ruin_house_1, st_swamp_ruins_2, uniq_louise
Swamp:3:  nicolae_swamp_trees_clearing
Swamp:4:  swamp_old_school, swamp_pool2, nicolae_swamp_godswood,
          nicolae_swamp_alligator_family, infiniplex_staircase_pool
Snake:1:  serial_shops, shop
Snake:2:  lemuel_oklob_altar
Snake:3:  uniq_vashnia
Snake:4:  minmay_snake_end_coiled, minmay_shop_grove, serial_bayou_shore_b
Orc:1:    david_defended_altar_orc, uniq_erolcha, uniq_fannar
Orc:2:    st_orc_congregation, portal_ice_cave_entry_ice_beasts
Elf:1:    serial_shops, shop, minmay_elf_crystal_heptagon
Elf:2:    corexii_checkpoint_b, uniq_nikola, uniq_asterion
Elf:3:    minmay_elf_hall_golems
Vaults:1: nicolae_vaults_bisected_exclaves, nicolae_vaults_specimen_jars,
          grunt_vaults_diagonal, nicolae_vaults_network_square, v_misc_12,
          vaults_mumra_chevron, nicolae_vaults_big_ls,
          hangedman_vaults_capsules, v_misc_25, v_misc_29, serial_shops, shop,
          shop, shop, shop_statue
Vaults:2: hangedman_vaults_slice, nicolae_vaults_ring_of_whatevers,
          minmay_crypt_entry_necro_gods, nicolae_vaults_asterisk,
          vaults_mumra_chevron_long, ontoclasm_vaults_claustrophobia,
          nicolae_vaults_network_barrier, v_misc_18, vaults_dpeg_doors,
          uniq_boris
Vaults:3: nicolae_vaults_network_s, nicolae_vaults_circle_grid_b, v_misc_26,
          v_misc_30, nicolae_vaults_theta, v_misc_29, vaults_room_fancy_cross,
          serial_ice_b, v_misc_14, hangedman_vaults_nails,
          ontoclasm_vaults_decontamination, ontoclasm_vaults_pinch, v_misc_10,
          v_misc_19
Vaults:4: st_greater_box_4, v_rooms_6, vaults_room_stairs_pillars, v_misc_1,
          v_misc_12, hangedman_vaults_snaps, vaults_dpeg_ring,
          ontoclasm_vaults_eye, vaults_mumra_minichess,
          grunt_vaults_hallway_short, nicolae_vaults_back_hallway,
          uniq_saint_roka, uniq_mennas
Vaults:5: serial_shops
Depths:1: minmay_misc_feat_iff, hellmouth_1, special_room, minislime_mu
Depths:2: evilmike_negative_zone, minmay_crystal_water, hell_entry,
          minmay_staircase_bubble
Depths:3: kb_forest_paths, hell_entry, rand_demon_pan_entry_1, uniq_enchantress
Depths:4: hangedman_hanging_gardens, grunt_hell_entry_dis_grunt,
          hangedman_abyss_entry_splay, serial_shops,
          nicolae_shop_overgrown_old_shop, shop, shop,
          minmay_misc_feat_ornament, minmay_hollow_rounded_squares, uniq_jory
Depths:5: grunt_zot_entry_hairpin, enter_ziggurat_d, grunt_decor_cap,
          pf_coc_iceberg
Zot:1:    st_large_dragon_hoard_2
Zot:2:    kennysheep_blocky_hall
Zot:4:    lemuel_halls_of_wrath
Abyss:3:  evilmike_abyss_exit_glass
Lab:      nicolae_lab_stuck
IceCv:    ice_cave_tombish

Skill      XL: |  1  2  3  4  5  6  7  8  9 10 11 12 13 14 15 16 17 18 19 20 21 22 23 24 25 26 27 |
---------------+----------------------------------------------------------------------------------+-----
Dodging        | 1 2 3 5 6 8 9 10 11 12 13 14 15 16 17 18 19 20 21 22 | 22.9
Slings         | 2 3 4 6 8 10 12 13 14 15 16 17 18 19 20 21 22 | 22.0
Short Blades   | 3 5 |  5.0
Fighting       | 4 5 6 8 9 10 11 12 13 14 15 16 17 18 22 | 22.6
Invocations    | 2 3 5 6 7 8 9 10 11 12 14 | 14.1
Armour         | 5 6 8 9 10 11 12 13 14 15 16 17 18 19 20 21 22 | 22.9
Shields        | 5 6 8 9 10 11 12 13 14 15 16 17 18 19 20 21 | 21.0
Charms         | 8 |  8.1
Necromancy     | 8 |  8.0
Spellcasting   | 6 |  6.0
Translocations | 10 | 10.0
Hexes          | 8 |  8.0

Action                   |  1- 3 |  4- 6 |  7- 9 | 10-12 | 13-15 | 16-18 | 19-21 | 22-24 | 25-27 || total
-------------------------+-------+-------+-------+-------+-------+-------+-------+-------+-------++-------
Melee: Rapier            |    10 |     7 |       |       |       |       |       |       |       ||    17
       Dagger            |       |       |     1 |   368 |    20 |       |       |       |       ||   389
       Hand axe          |       |       |       |    27 |       |       |       |       |       ||    27
       Hunting sling     |       |       |       |     1 |       |       |       |       |       ||     1
       Fustibalus        |       |       |       |       |     1 |     1 |       |       |       ||     2
       Short sword       |       |       |       |       |       |    29 |       |       |       ||    29
       Quick blade       |       |       |       |       |       |       |       |       |    18 ||    18
 Fire: Hunting sling     |    88 |   234 |   186 |   628 |   107 |       |       |       |       ||  1243
       Blowgun           |       |     3 |   234 |   141 |     3 |       |       |       |       ||   381
       Fustibalus        |       |       |       |    50 |  1345 |  1157 |  2288 |  1742 |  3397 ||  9979
Throw: Stone             |     3 |     2 |       |    32 |       |       |       |       |       ||    37
       Tomahawk          |       |     2 |    11 |    26 |       |       |       |       |     4 ||    43
       Throwing net      |       |       |       |       |       |       |       |       |     1 ||     1
 Cast: Poisonous Vapours |       |       |       |       |       |       |       |       |     9 ||     9
       Mephitic Cloud    |       |       |       |       |       |       |       |       |     2 ||     2
       Regeneration      |       |       |       |       |       |       |       |       |     2 ||     2
Invok: Heroism           |       |       |       |       |     3 |     7 |     2 |     7 |     9 ||    28
       Finesse           |       |       |       |       |     2 |     6 |     2 |     7 |    10 ||    27
Evoke: Wand              |       |       |       |    11 |       |       |       |       |     1 ||    12
  Use: Scroll            |       |       |    12 |     9 |     8 |    11 |    19 |    12 |    20 ||    91
       Potion            |       |       |       |     9 |     5 |     2 |       |     1 |     6 ||    23
  Eat: Chunk             |       |     7 |    12 |    19 |    17 |     9 |    26 |    24 |    35 ||   149
       Ration            |       |       |       |     1 |     2 |     6 |     1 |     1 |     5 ||    16
Armor: Scale mail        |    23 |    34 |    55 |    58 |       |       |       |       |       ||   170
       Plate armour      |       |       |       |   113 |   140 |    39 |       |       |       ||   292
       Skin              |       |       |       |    46 |       |       |       |       |       ||    46
       Crystal plate arm |       |       |       |       |       |    78 |   224 |   175 |   337 ||   814
Dodge: Dodged            |    26 |    46 |    93 |   314 |   177 |   248 |   406 |   353 |   785 ||  2448
       Deflected         |       |     1 |     1 |    10 |    25 |    19 |    42 |    27 |    48 ||   173
Block: Shield            |    35 |    56 |     4 |    19 |   173 |   383 |   775 |   663 |  1149 ||  3257
       Buckler           |       |       |    40 |   214 |    58 |       |       |       |       ||   312
       Reflection        |       |       |       |       |       |       |       |       |     5 ||     5

Table legend:
 A = Spawn XP
 B = Non-spawn XP
 C = Spawn XP percentage of total XP
 D = Spawn monster count
 E = Non-spawn monster count
 F = Spawn count percentage of total count
 G = Total turns spent on level
                    A         B        C        D         E        F      G
               +---------+---------+-------+---------+---------+-------+---------
         Total |   11461 | 1744675 |   0.7 |      16 |    2557 |   0.6 | 70383
               +---------+---------+-------+---------+---------+-------+---------
           D:1 |       0 |      20 |   0.0 |       0 |      10 |   0.0 |   615
           D:2 |       0 |     176 |   0.0 |       0 |      24 |   0.0 |  1404
           D:3 |       0 |     349 |   0.0 |       0 |      29 |   0.0 |  1570
           D:4 |       0 |     166 |   0.0 |       0 |      13 |   0.0 |   720
           D:5 |       0 |    1101 |   0.0 |       0 |      11 |   0.0 |  1115
           D:6 |       0 |    1221 |   0.0 |       0 |      22 |   0.0 |  1256
           D:7 |       0 |    2532 |   0.0 |       0 |      36 |   0.0 |  1655
           D:8 |       0 |    2355 |   0.0 |       0 |      16 |   0.0 |   966
           D:9 |       0 |    3438 |   0.0 |       0 |      46 |   0.0 |  1467
          D:10 |       0 |    2213 |   0.0 |       0 |      24 |   0.0 |  1557
          D:11 |       0 |   12997 |   0.0 |       0 |      62 |   0.0 |  2270
          D:12 |       0 |    9572 |   0.0 |       0 |      48 |   0.0 |  1321
          D:13 |       0 |   11704 |   0.0 |       0 |      34 |   0.0 |  1636
          D:14 |       0 |   21886 |   0.0 |       0 |      68 |   0.0 |  1559
          D:15 |       0 |   14720 |   0.0 |       0 |      39 |   0.0 |  1701
        Lair:1 |       0 |    8685 |   0.0 |       0 |      69 |   0.0 |   964
        Lair:2 |       0 |    6141 |   0.0 |       0 |      26 |   0.0 |  1096
        Lair:3 |       0 |    7547 |   0.0 |       0 |      47 |   0.0 |   826
        Lair:4 |       0 |    7051 |   0.0 |       0 |      22 |   0.0 |   831
        Lair:5 |       0 |    6589 |   0.0 |       0 |      36 |   0.0 |   799
        Lair:6 |       0 |   25796 |   0.0 |       0 |      64 |   0.0 |  1670
       Swamp:1 |       0 |   18928 |   0.0 |       0 |      42 |   0.0 |  1138
       Swamp:2 |       0 |   18745 |   0.0 |       0 |      41 |   0.0 |   910
       Swamp:3 |       0 |   13229 |   0.0 |       0 |      28 |   0.0 |   745
       Swamp:4 |       0 |   38643 |   0.0 |       0 |      84 |   0.0 |  1427
       Snake:1 |       0 |   17007 |   0.0 |       0 |      35 |   0.0 |   889
       Snake:2 |       0 |   23257 |   0.0 |       0 |      42 |   0.0 |  1108
       Snake:3 |       0 |   22557 |   0.0 |       0 |      31 |   0.0 |  1264
       Snake:4 |       0 |   41360 |   0.0 |       0 |      73 |   0.0 |  1473
         Orc:1 |       0 |    1716 |   0.0 |       0 |      10 |   0.0 |   259
         Orc:2 |       0 |   14828 |   0.0 |       0 |      99 |   0.0 |  1669
         Elf:1 |       0 |   14560 |   0.0 |       0 |      24 |   0.0 |  1467
         Elf:2 |       0 |   48441 |   0.0 |       0 |      61 |   0.0 |  2760
         Elf:3 |       0 |   71095 |   0.0 |       0 |      67 |   0.0 |  2040
      Vaults:1 |       0 |   48041 |   0.0 |       0 |      96 |   0.0 |  2367
      Vaults:2 |       0 |   33687 |   0.0 |       0 |      62 |   0.0 |  1265
      Vaults:3 |       0 |   53966 |   0.0 |       0 |      99 |   0.0 |  1624
      Vaults:4 |       0 |  176373 |   0.0 |       0 |     161 |   0.0 |  3286
      Vaults:5 |       0 |   80576 |   0.0 |       0 |      70 |   0.0 |  1970
      Depths:1 |       0 |   52493 |   0.0 |       0 |      77 |   0.0 |  1375
      Depths:2 |       0 |   97059 |   0.0 |       0 |     105 |   0.0 |  2001
      Depths:3 |       0 |   63588 |   0.0 |       0 |      80 |   0.0 |  1058
      Depths:4 |       0 |  110032 |   0.0 |       0 |     101 |   0.0 |  1698
      Depths:5 |       0 |   48803 |   0.0 |       0 |      42 |   0.0 |  1255
         Zot:1 |       0 |  116178 |   0.0 |       0 |      68 |   0.0 |  2474
         Zot:2 |       0 |   61321 |   0.0 |       0 |      38 |   0.0 |   994
         Zot:3 |       0 |   41445 |   0.0 |       0 |      20 |   0.0 |   564
         Zot:4 |       0 |   68837 |   0.0 |       0 |      58 |   0.0 |  1055
         Zot:5 |       0 |  191084 |   0.0 |       0 |      61 |   0.0 |  1032
       Abyss:3 |   11461 |    3819 |  75.0 |      16 |      11 |  59.3 |   341
           Lab |       0 |    1085 |   0.0 |       0 |       1 |   0.0 |  1319
         IceCv |       0 |    5663 |   0.0 |       0 |      24 |   0.0 |   492
               +---------+---------+-------+---------+---------+-------+---------
